 Dungeon Crawl Stone Soup version 0.22-a0-247-gbddf880 (webtiles) character file.

68 matakusis the Caller (level 4, -1/24 HPs)
             Began as a Deep Elf Summoner on Feb 24, 2018.
             Slain by Purgy (6 damage)
             ... in a sewer.
             The game lasted 00:15:52 (2707 turns).

matakusis the Caller (Deep Elf Summoner)            Turns: 2707, Time: 00:15:53

Health: -1/24      AC:  3    Str:  5    XL:     4   Next: 1%
Magic:  0/12       EV: 13    Int: 21    God:
Gold:   87         SH:  0    Dex: 15    Spells: 4/11 levels left

rFire    . . .     SeeInvis .   (no weapon)
rCold    . . .     Gourm    .   (no shield)
rNeg     . . .     Faith    .   a - +0 robe
rPois    .         Spirit   .   k - +0 helmet
rElec    .         Reflect  .   (no cloak)
rCorr    .         Harm     .   (no gloves)
MR       .....                  (no boots)
Stlth    ++........             (no amulet)
HPRegen  0.08/turn              (no ring)
MPRegen  0.13/turn              (no ring)

@: very slightly contaminated
A: no striking features
a: no special abilities


You were in a sewer.
You were not hungry.

You visited 1 branch of the dungeon, and saw 3 of its levels.
You also visited: Sewer.

You collected 87 gold pieces.

Inventory:

Missiles
 c - 120 stones (quivered)
 e - 47 arrows
Armour
 a - a +0 robe (worn)
 k - a +0 helmet (worn)
Scrolls
 f - 2 scrolls of teleportation
 g - 5 scrolls of remove curse
 i - 2 scrolls of amnesia
Potions
 h - a potion of brilliance
 j - a potion of curing
Comestibles
 b - 4 rations


   Skills:
 - Level 2.4 Dodging
 - Level 2.4 Stealth
 + Level 4.0 Spellcasting
 * Level 5.7 Summonings


You had 4 spell levels left.
You knew the following spells:

 Your Spells              Type           Power        Failure   Level  Hunger
a - Summon Small Mammal   Summ           ####         1%          1    None
b - Call Imp              Summ           ####....     1%          2    #......
c - Summon Lightning Spi  Summ/Air       ###.....     36%         4    ####...


Dungeon Overview and Level Annotations

Branches:
Dungeon (3/15)

Altars:

Annotations:
Sewer Purgy


Message History

Confirm with . or Enter, or press ? or * to list all spells.
You don't have enough magic to cast that spell.
You hit Purgy.
Purgy is heavily wounded.
Your crimson imp barely misses Purgy. x2; Purgy bites you.
* * * LOW HITPOINT WARNING * * *
Purgy closely misses you. Purgy claws you but does no damage.
It was a potion of curing.
You feel better.
Your crimson imp blinks!
Your crimson imp hits Purgy.
Purgy clenches his claws.
Purgy bites you.
* * * LOW HITPOINT WARNING * * *
Purgy claws you.
* * * LOW HITPOINT WARNING * * *
Purgy barely misses you.
Casting: Call Imp (safe; 1% risk of failure)
Confirm with . or Enter, or press ? or * to list all spells.
Your crimson imp hits Purgy.
Purgy bites you.
You die...

#.≈≈≈≈≈≈# ####.≈≈≈≈≈≈#
##.#.≈≈≈≈≈≈##
#.≈≈≈≈≈≈≈≈≈≈#
#≈≈≈≈≈≈≈≈≈≈≈# ###
###§≈≈≈≈≈≈≈≈≈≈≈
##r###≈l≈≈≈≈≈≈≈≈≈≈≈≈
###∩∩##..5§§≈≈≈≈≈≈≈≈≈#
##..≈≈@#≈≈≈≈≈≈≈≈≈≈≈≈≈≈#
#.≈≈≈≈§Tl≈≈≈≈≈≈≈≈≈≈≈≈#
≈≈≈≈≈≈≈≈≈5≈≈≈≈≈≈≈≈≈≈≈≈≈
≈≈≈≈≈≈≈≈≈≈≈≈≈5≈≈≈≈≈≈≈≈
≈≈≈≈≈≈≈≈≈≈≈≈≈≈≈≈≈≈≈≈≈≈
≈≈≈≈≈≈≈≈≈≈≈≈≈≈≈≈≈≈≈#≈
≈≈≈≈≈≈≈≈≈≈≈≈≈≈≈≈≈≈≈#
≈#≈≈≈≈≈≈≈≈≈≈≈≈#≈#
##≈≈≈≈####≈###


You could see Purgy, a frilled lizard, 2 friendly crimson imps and a friendly
quokka.

Vanquished Creatures (collateral kills)
  4 adders
  2 worms
  A dart slug (D:3)
  7 leopard geckos
  8 bats
  5 giant cockroaches
  9 goblins
  4 hobgoblins
  8 kobolds
  A quokka (D:3)
  2 ball pythons (Sewer)
  6 frilled lizards
  5 rats
62 creatures vanquished.

Notes
Turn   | Place    | Note
-------+----------+-------------------------------------------
     0 | D:1      | matakusis the Deep Elf Summoner began the quest for the Orb.
     0 | D:1      | Reached XP level 1. HP: 10/10 MP: 6/6
   308 | D:1      | Reached XP level 2. HP: 15/15 MP: 4/8
   322 | D:1      | Learned a level 2 spell: Call Imp
   553 | D:1      | Reached skill level 5 in Summonings
  1261 | D:2      | Reached XP level 3. HP: 19/19 MP: 6/9
  2370 | D:3      | Found a glowing drain.
  2396 | Sewer    | Entered a sewer
  2653 | Sewer    | Reached XP level 4. HP: 24/24 MP: 7/12
  2659 | Sewer    | Learned a level 4 spell: Summon Lightning Spire
  2675 | Sewer    | Noticed Purgy
  2707 | Sewer    | Slain by Purgy

Vault maps used:
D:1:      dpeg_arrival_signposts, minmay_cupped
D:3:      gup_sewer_entry_pipe, first_ration, grunt_decor_arrowhead,
          nicolae_ru_the_path_less_chosen
Sewer:    sewer_co_purgy_island

Skill      XL: |  1  2  3 |
---------------+----------+-----
Summonings     | 5 |  5.7
Spellcasting   | 4 |  4.0
Dodging        | |  2.4
Stealth        | |  2.4

Action                   |  1- 3 |  4- 6 || total
-------------------------+-------+-------++-------
Melee: Unarmed           |     7 |     8 ||    15
 Cast: Summon Small Mamm |    28 |     3 ||    31
       Call Imp          |    54 |     3 ||    57
  Use: Scroll            |     7 |       ||     7
       Potion            |       |     1 ||     1
  Eat: Chunk             |     5 |       ||     5
       Ration            |     1 |       ||     1
Armor: Robe              |     8 |     6 ||    14
Dodge: Dodged            |    29 |    25 ||    54

Table legend:
 A = Spawn XP
 B = Non-spawn XP
 C = Spawn XP percentage of total XP
 D = Spawn monster count
 E = Non-spawn monster count
 F = Spawn count percentage of total count
 G = Total turns spent on level
                    A         B        C        D         E        F      G
               +---------+---------+-------+---------+---------+-------+---------
         Total |       0 |      98 |   0.0 |       0 |      62 |   0.0 |  2707
               +---------+---------+-------+---------+---------+-------+---------
           D:1 |       0 |      23 |   0.0 |       0 |      21 |   0.0 |   917
           D:2 |       0 |      40 |   0.0 |       0 |      20 |   0.0 |  1094
           D:3 |       0 |      31 |   0.0 |       0 |      17 |   0.0 |   385
         Sewer |       0 |       4 |   0.0 |       0 |       4 |   0.0 |   311
               +---------+---------+-------+---------+---------+-------+---------
